Map: Oxide LE

Players

Osiris

  • Race: Terran Terran
  • League: Master

NoryiE - Winner!

  • Race: Zerg Zerg
  • League: Master

VOD

Have the link to the VOD?

Description

Time

  • Played on: July 6, 2021, 8 a.m.
  • Length: 10:10
Show
View Real Time Build Order
Export as new Build Order

Osiris Terran 

Build Orders: Reaper Expand, Hellion Banshee 

Get SALT Encoding   

  12  0:00  SCV  
  13  0:12  SCV  
  14  0:16  Supply Depot  
  14  0:24  SCV  
  15  0:38  SCV  
  15  0:40  Barracks  
  16  0:43  Refinery  
  16  0:50  SCV  
  17  1:02  SCV  
  18  1:14  SCV  
  19  1:27  Reaper, Orbital Command  
  20  1:40  Command Center  
  20  1:51  Supply Depot  
  20  1:53  SCV  
  21  1:59  Marine  
  22  2:05  SCV  
  22  2:08  Factory  
  23  2:17  SCV  
  23  2:20  Barracks Reactor  
  24  2:29  SCV  
  25  2:41  Command Center  
  25  2:49  SCV  
  25  2:51  Orbital Command  
  25  2:57  Starport  
  25  3:02  Refinery  
  25  3:06  SCV  
  25  3:11  Hellion  
  28  3:16  Hellion  
  28  3:18  SCV  
  31  3:20  SCV  
  32  3:27  Barracks Tech Lab  
  32  3:31  SCV  
  32  3:33  Hellion  
  35  3:37  Hellion  
  35  3:41  SCV  
  38  3:44  SCV  
  39  3:52  Orbital Command, Banshee  
  39  3:53  SCV  
  43  3:56  SCV  
  43  4:01  Hellion  
  43  4:02  Hellion  
  48  4:05  SCV, Cloaking Field  
  49  4:12  Orbital Command, Barracks Tech Lab  
  49  4:13  SCV  
  50  4:17  SCV  
  50  4:20  Supply Depot  
  51  4:25  SCV  
  51  4:30  SCV, Barracks  
  53  4:37  SCV, Banshee  
  57  4:42  Factory Reactor  
  57  4:43  SCV  
  57  4:44  Barracks  
  57  4:45  SCV, Supply Depot  
  59  4:52  SCV  
  60  4:53  Stimpack  
  60  4:55  SCV  
  60  4:58  SCV  
  62  5:00  Engineering Bay  
  62  5:01  Refinery, Marine, Engineering Bay  
  62  5:04  SCV  
  64  5:08  SCV  
  64  5:10  SCV  
  66  5:16  SCV  
  66  5:20  SCV  
  68  5:28  Marine x3  
  68  5:29  SCV, Barracks  
  68  5:30  SCV  
  68  5:32  Barracks  
  73  5:37  SCV  
  73  5:38  Terran Infantry Weapons Level 1  
  73  5:39  Terran Infantry Armor Level 1  
  73  5:41  SCV, Starport Reactor  
  73  5:42  Refinery, Marine  
  76  5:43  Marine  
  77  6:12  Supply Depot  
  77  6:13  Siege Tank, SCV, Supply Depot, Marine x4  
  85  6:19  Supply Depot  
  85  6:20  Barracks Reactor, Supply Depot  
  85  6:21  Barracks Reactor  
  85  6:25  SCV, Marine  
  85  6:26  SCV x2  
  85  6:29  Medivac x2  
  85  6:37  SCV  
  85  6:38  SCV  
  85  6:39  Marine x3  
  83  6:40  Marine  
  83  6:42  SCV  
  81  6:49  Marine  
  81  6:52  SCV  
  83  6:57  Armory, Marine x3  
  83  7:00  SCV  
  87  7:02  Siege Tank  
  87  7:03  Marine  
  87  7:04  Marine x3  
  94  7:15  Marine  
  92  7:19  Marine  
  92  7:20  Marine x3  
  92  7:21  Medivac x2  
  92  7:22  Marine x3  
  101  7:23  Marine  
  101  7:24  SCV x3  
  101  7:28  Supply Depot x2  
  107  7:33  Marine  
  107  7:36  SCV  
  109  7:37  Marine x2  
  109  7:38  Siege Tank, Marine  
  109  7:40  SCV  
  109  7:43  Marine  
  117  7:48  Terran Infantry Weapons Level 2  
  117  7:49  Marine x4  
  121  7:52  SCV, Supply Depot  
  121  7:54  Supply Depot  
  121  7:57  Marine x4  
  126  8:00  Marine  
  124  8:07  Marine x2  
  125  8:21  Marine x3  
  114  8:28  Marine x3  
  114  8:32  Marine x3  
  114  8:38  Marine  
  114  8:39  Marine x2  
  115  8:46  Marine x3  
  115  8:47  Siege Tank, Medivac x2  
  115  8:49  Marine  
  115  8:50  Marine x2  
  115  8:52  Barracks  
  115  9:00  Marine x3  
  95  9:04  Marine x3  
  95  9:07  Marine x2  
  95  9:08  Marauder  
  88  9:11  SCV x2  
  89  9:18  Marine x2  
  89  9:22  Siege Tank, Marine x3  
  89  9:23  Marine  
  97  9:24  SCV  
  97  9:26  SCV x2  
  97  9:27  Marine  
  97  9:31  Marine x2  
  101  9:36  SCV  
Show
View Real Time Build Order
Export as new Build Order

NoryiE Zerg - Winner!

Build Orders: Hatch First 

Get SALT Encoding   

  12  0:00  Drone  
  13  0:12  Overlord  
  13  0:17  Drone  
  14  0:32  Drone x2  
  16  0:49  Hatchery  
  15  0:51  Drone  
  15  0:55  Drone  
  17  0:59  Drone  
  18  1:11  Extractor  
  17  1:13  Spawning Pool  
  17  1:16  Drone  
  17  1:19  Drone  
  18  1:28  Drone  
  19  1:41  Drone  
  20  1:52  Overlord  
  20  2:00  Queen  
  22  2:01  Queen  
  22  2:02  Zergling x4  
  26  2:11  Drone  
  26  2:12  Drone  
  28  2:17  Metabolic Boost  
  28  2:28  Drone x2  
  30  2:34  Hatchery  
  29  2:42  Drone x2  
  31  2:47  Queen  
  33  2:53  Overlord  
  33  3:00  Drone x3  
  36  3:12  Drone x5  
  41  3:16  Queen  
  43  3:20  Overlord  
  43  3:29  Drone  
  43  3:31  Overlord  
  44  3:38  Queen  
  46  3:48  Queen  
  46  3:49  Drone x7  
  55  4:13  Drone x2  
  55  4:14  Drone x2, Overlord x2  
  55  4:16  Queen  
  61  4:18  Lair  
  61  4:22  Extractor, Drone x3  
  63  4:26  Queen  
  65  4:43  Spore Crawler  
  65  4:44  Drone x3  
  65  4:45  Baneling Nest, Evolution Chamber  
  65  4:46  Spore Crawler x2  
  65  4:47  Drone x2  
  65  4:48  Zergling x14  
  72  5:16  Overseer  
  72  5:17  Hatchery  
  72  5:19  Zergling x22  
  82  5:24  Overlord  
  82  5:29  Zerg Melee Weapons Level 1  
  82  5:30  Overlord  
  82  5:33  Extractor  
  81  5:37  Drone  
  82  5:43  Drone x5, Overlord  
  82  5:47  Overlord  
  86  5:56  Drone x5  
  86  5:57  Drone x3  
  93  6:12  Zergling x14  
  99  6:31  Queen  
  99  6:32  Drone x9  
  103  6:55  Zergling x18  
  103  6:56  Overlord, Hatchery  
  103  6:57  Overlord, Centrifical Hooks  
  103  6:59  Drone  
  112  7:02  Evolution Chamber  
  112  7:05  Baneling x8  
  112  7:06  Hatchery  
  105  7:16  Drone x6  
  105  7:27  Drone x9  
  110  7:32  Zerg Melee Weapons Level 2  
  110  7:33  Zerg Ground Armor Level 1  
  108  7:37  Drone x3  
  108  7:41  Baneling x9  
  108  7:43  Drone x2  
  113  7:44  Drone  
  113  7:46  Spore Crawler  
  113  7:49  Extractor, Drone x3  
  115  8:00  Hatchery  
  115  8:03  Zergling x20  
  124  8:08  Baneling x9  
  124  8:16  Zergling x14  
  117  8:34  Zergling x26  
  125  8:42  Zergling x8  
  125  8:47  Zergling x8  
  127  9:01  Zergling x14  
  106  9:13  Zergling x22  
  106  9:15  Baneling x8, Overseer  
  114  9:30  Zergling x24  
  126  9:36  Zergling x14  
  133  9:39  Baneling  
  133  9:40  Baneling x27  
  133  9:43  Zergling x10  
Tags
 
Add a new tag
Caveats
  • Supply blocks, unpowered buildings, or Contaminate may cause inaccurate times.
  • Supply counts are checked every 10 seconds.